Workbook

Sheet оборудование
B1: оборудование | C1: цена, р. | D1: количество | E1: итог,р | I1: общая производительность линнии 1 тонна/час
A2: 1 | B2: сушка | C2: 750000 | D2: 2 | E2: =C2*D2 -> 1500000 | I2: используем обродувонае мощностью 500 кг/час (задваиваем оборудование)
A3: 2 | B3: гранулятор | C3: 640000 | D3: 3 | E3: =C3*D3 -> 1920000 | I3: используем оборудование которое возможно починить в нынешних реалиях
A4: 3 | B4: охлаждение | C4: 150000 | D4: 1 | E4: =C4*D4 -> 150000 | I4: за минимальный обьем производства в сутки берем 3 тонны
A5: 4 | B5: фасовка | C5: 250000 | D5: 1 | E5: =C5*D5 -> 250000
A6: 5 | B6: прочие расходы | C6: 300000 | D6: 1 | E6: =C6*D6 -> 300000
A7: 6 | B7: кара | C7: 400000 | D7: 1 | E7: =C7*D7 -> 400000
A8: 7 | B8: рохля | C8: 15000 | D8: 2 | E8: =C8*D8 -> 30000
A9: 8 | B9: конвеер | C9: 120000 | D9: 6 | E9: =C9*D9 -> 720000
A10: 9 | B10: дробилка | C10: 600000 | D10: 2 | E10: =C10*D10 -> 1200000
B11: итого | E11: =E10+E9+E8+E7+E6+E5+E4+E3+E2 -> 6470000
A21: № | B21: 1 | C21: 2
B22: продажа продукта | C22: услуги
A23: 1 | B23: пеллеты | C23: чистка котла
A24: 2 | B24: брикеты | C24: установка котла
A25: 3 | B25: наполнитель | C25: установка котла с "пожизненным" контрактом на поставку пеллеты

Sheet сотрудники
B1: сотрудники | C1: цена | D1: для производства 60 тонн | E1: для производства 120 тонн | F1: для производства 180 тонн | G1: для производства 360 тонн | H1: для производства 540 тонн
A2: 1 | B2: директор | C2: 120000 | E2: 1 | F2: 1 | G2: 1 | H2: 1
A3: 2 | B3: начальник производства | C3: 70000 | E3: 1 | F3: 1 | G3: 1 | H3: 1
A4: 3 | B4: бухгалтер | C4: 30000 | D4: аутсорс | E4: 1 | F4: 1 | G4: 1 | H4: 1
A5: 4 | B5: оператор | C5: 30000 | D5: 2 | E5: 4 | F5: 6 | G5: 12 | H5: 18
A6: 5 | B6: старший смены | C6: 35000 | D6: 1 | E6: 2 | F6: 3 | G6: 3 | H6: 3
A7: 6 | B7: менеджер по продажам | C7: 30000 | D7: 1 | E7: 1 | F7: 1 | G7: 2 | H7: 2
A8: 7 | B8: закупщик | C8: 60000 | D8: 1 | E8: 1 | F8: 1 | G8: 1 | H8: 1
A9: 8 | B9: КиПовец | C9: 20000 | D9: 1 | E9: 1 | F9: 1 | G9: 1 | H9: 1
A10: 9 | B10: сварщик | C10: 20000 | D10: 1 | E10: 1 | F10: 1 | G10: 1 | H10: 1
A11: 10 | B11: грузчик | C11: 30000 | D11: 1 | E11: 2 | F11: 3 | G11: 6 | H11: 6
B12: итого | D12: =C11*D11+C10*D10+D9+C8*D8+C7*D7+C6*D6+C5*D5 -> 235001 | E12: =E11*C11+E10*C10+E9*C9+E8*C8+E7*C7+E6*C6+E5*C5+E4*C4+E3*C3+E2*C2 -> 600000 | F12: =F11*C11+F10*C10+F9*C9+F8*C8+F7*C7+F6*C6+F5*C5+F4*C4+F3*C3+F2*C2 -> 725000 | G12: =G11*C11+C10*G10+G9*C9+C8*G8+G7*C7+C6*G6+G5*C5+C4*G4+G3*C3+C2*G2 -> 1025000 | H12: =H11*C11+C10*H10+H9*C9+C8*H8+H7*C7+C6*H6+H5*C5+C4*H4+H3*C3+C2*H2 -> 1205000
D14: 3.9 | E14: 5 | F14: 4 | G14: 2.8 | H14: 2.2

Sheet сс производства
C1: 60 тонн | D1: 120 тонн | E1: 180 тонн | F1: 360 тонн | G1: 540 тонн
A2: переменные расходы
A3: 1 | B3: сырье | C3: 138000 | D3: 276000 | E3: 414000 | F3: 828000 | G3: 1242000
A4: 2 | B4: эл-во | C4: 60000 | D4: 120000 | E4: 180000 | F4: 360000 | G4: 540000
A5: 3 | B5: амортизация | C5: 30000 | D5: 40000 | E5: 50000 | F5: 60000 | G5: 70000
A6: 4 | B6: расходники | C6: 15000 | D6: 30000 | E6: 45000 | F6: 90000 | G6: 135000
A7: 5 | B7: упаковка | C7: 20000 | D7: 40000 | E7: 60000 | F7: 80000 | G7: 100000
A8: постоянные расходы
A9: 6 | B9: аренда | C9: 150000 | D9: 150000 | E9: 150000 | F9: 150000 | G9: 150000
A10: 7 | B10: сотрудники | C10: =сотрудники!D12 -> 235001 | D10: =сотрудники!E12 -> 600000 | E10: =сотрудники!F12 -> 725000 | F10: =сотрудники!G12 -> 1025000 | G10: =сотрудники!H12 -> 1205000
B12: итого | C12: =C7+C6+C5+C10+C4+C3+C9 -> 648001 | D12: =D9+D7+D6+D5+D10+D4+D3 -> 1256000 | E12: =E9+E7+E6+E5+E10+E4+E3 -> 1624000 | F12: =F9+F7+F6+F5+F10+F4+F3 -> 2593000 | G12: =G9+G7+G6+G5+G10+G4+G3 -> 3442000
C13: 720000 | D13: 1444000 | E13: 2160000 | F13: 4320000 | G13: 6480000
C14: =C12/C13*100% -> 0.90000139 | D14: =D12/D13 -> 0.86980609 | E14: =E12/E13 -> 0.75185185 | F14: =F12/F13 -> 0.60023148 | G14: =G12/G13 -> 0.53117284

Sheet юнит экономика
A1: средний обьем заказа 4 тонны | E1: 4000 | F1: кг в 4 тонн | K1: обьем рынка Краснодарского края
A2: цена продажи минимум 12 р/кг
A3: САС 22р
A4: 1 юнит приносит минимум 48000 р.
B6: юнит-экономика
B7: юнит-экономика | C7: 60 тонн | D7: 120 тонн | E7: 180 тонн | F7: 360 тонн | G7: 540 тонн
A8: 1 | B8: с/с производства 4х тонн | C8: 44000 | D8: 42000 | E8: 36080 | F8: 28800 | G8: 25480
A9: 2 | B9: налог | C9: 2880 | D9: 2880 | E9: 2880 | F9: 2880 | G9: 2880
A10: 3 | B10: бонус за продажи | C10: 240 | D10: 240 | E10: 240 | F10: 240 | G10: 240
A11: 4 | B11: САС | C11: 22 | D11: 22 | E11: 22 | F11: 22 | G11: 22
A12: 5 | B12: выкуп клиента | C12: 700 | D12: 700 | E12: 700 | F12: 700 | G12: 700
B14: итого | C14: =C12+C11+C10+C9+C8 -> 47842 | D14: =D12+D11+D10+D9+D8 -> 45842 | E14: =E12+E11+E10+E9+E8 -> 39922 | F14: =F12+F11+F10+F9+F8 -> 32642 | G14: =G12+G11+G10+G9+G8 -> 29322
B15: итого на кг | C15: 12 | D15: =D14/4000 -> 11.4605 | E15: =E14/E1 -> 9.9805 | F15: =F14/E1 -> 8.1605 | G15: =G14/E1 -> 7.3305

Sheet план действий и ДДС
A1: план действий | B1: 04.2022г | C1: 05.2022г | D1: 6.2022г | E1: 7.2022г | F1: 8.2022г | G1: 9.2022г | H1: 10.2022г | I1: 11.2022г | J1: 12.2022г | K1: 01.2023г | L1: 02.2023г | M1: 03.2023г | N1: 04.2023г | O1: 05.2023г | P1: 06.2023г | Q1: 06.2023г | R1: 07.2023г | S1: 08.2023г | T1: 09.2023г | U1: 10.2023г | V1: 11.2023г | W1: 12.2023г | X1: 01.2024г | Y1: 02.2024г | Z1: 03.2024г
A2: HR
A3: заказать и оплатить оборудование
A4: аренда помещения
A5: подписание договоров по сырью и поставка
A6: обучение команды и всего персонала
A7: пусконаладка оборудования
A8: запуск производственного процесса
A9: описание бизнес процессов
A10: введение отчетности
A11: система автоматизации
A12: контроль качества
A13: второй раунд привлечения финансирования
A15: ДДС | B15: 04.2022г | C15: 05.2022г | D15: 6.2022г | E15: 7.2022г | F15: 8.2022г | G15: 9.2022г | H15: 10.2022г | I15: 11.2022г | J15: 12.2022г | K15: 01.2023г | L15: 02.2023г | M15: 03.2023г | N15: 04.2023г | O15: 05.2023г | P15: 06.2023г | Q15: 06.2023г | R15: 07.2023г | S15: 08.2023г | T15: 09.2023г | U15: 10.2023г | V15: 11.2023г | W15: 12.2023г | X15: 01.2024г | Y15: 02.2024г | Z15: 03.2024г
A16: обьем продаж, кг | B16: 0 | C16: 0 | D16: 0 | E16: 0 | F16: 60000 | G16: 60000 | H16: 120000 | I16: 120000 | J16: 180000 | K16: 180000 | L16: 360000 | M16: 360000 | N16: 540000 | O16: 540000 | P16: 540000 | Q16: 540000 | R16: 540000 | S16: 540000 | T16: 540000 | U16: 540000 | V16: 540000 | W16: 540000 | X16: 540000 | Y16: 540000 | Z16: 540000
A17: юнит экономика, р | B17: 0 | C17: 0 | D17: 0 | E17: 0 | F17: 12 | G17: 12 | H17: ='юнит экономика'!D15 -> 11.4605 | I17: =H17 -> 11.4605 | J17: ='юнит экономика'!E15 -> 9.9805 | K17: =J17 -> 9.9805 | L17: ='юнит экономика'!F15 -> 8.1605 | M17: =L17 -> 8.1605 | N17: ='юнит экономика'!G15 -> 7.3305 | O17: =N17 -> 7.3305 | P17: =O17 -> 7.3305 | Q17: =P17 -> 7.3305 | R17: =Q17 -> 7.3305 | S17: =R17 -> 7.3305 | T17: =S17 -> 7.3305 | U17: =T17 -> 7.3305 | V17: =U17 -> 7.3305 | ... Z17: =Y17 -> 7.3305
A18: продажная цена | B18: 0 | C18: 0 | D18: 0 | E18: 0 | F18: 13 | G18: 14 | H18: 14 | I18: 15 | J18: 15 | K18: 15 | L18: 14 | M18: 13 | N18: 12 | O18: 12 | P18: 12 | Q18: 12 | R18: 12 | S18: 13 | T18: 14 | U18: 14 | V18: 15 | W18: 15 | X18: 15 | Y18: 14 | Z18: 13
A19: расходы | B19: 0 | C19: 0 | D19: 0 | E19: 0 | F19: =F16*F17 -> 720000 | G19: =G16*G17 -> 720000 | H19: =H16*H17 -> 1375260 | I19: =I16*I17 -> 1375260 | J19: =J16*J17 -> 1796490 | K19: =K16*K17 -> 1796490 | L19: =L16*L17 -> 2937780 | M19: =M16*M17 -> 2937780 | ... Z19: =Z16*Z17 -> 3958470
A20: оборот | B20: 0 | C20: 0 | D20: 0 | E20: 0 | F20: =F16*F18 -> 780000 | G20: =G16*G18 -> 840000 | H20: =H16*H18 -> 1680000 | I20: =I16*I18 -> 1800000 | J20: =J16*J18 -> 2700000 | K20: =K16*K18 -> 2700000 | L20: =L16*L18 -> 5040000 | M20: =M16*M18 -> 4680000 | ... Z20: =Z16*Z18 -> 7020000
A21: итог по месяцу | B21: -350000 | C21: -350000 | D21: -350000 | E21: -350000 | F21: =F20-F19 -> 60000 | G21: =G20-G19 -> 120000 | H21: =H20-H19 -> 304740 | I21: =I20-I19 -> 424740 | J21: =J20-J19 -> 903510 | K21: =K20-K19 -> 903510 | L21: =L20-L19 -> 2102220 | M21: =M20-M19 -> 1742220 | ... Z21: =Z20-Z19 -> 3061530

Sheet ОПиУ
A1: ОТЧЕТ О ПРИБЫЛЯХ И УБЫТКАХ | B1: 04.2022г | C1: 05.2022г | D1: 6.2022г | E1: 7.2022г | F1: 8.2022г | G1: 9.2022г | H1: 10.2022г | I1: 11.2022г | J1: 12.2022г | K1: 01.2023г | L1: 02.2023г | M1: 03.2023г | N1: 04.2023г | O1: 05.2023г | P1: 06.2023г | Q1: 06.2023г | R1: 07.2023г | S1: 08.2023г | T1: 09.2023г | U1: 10.2023г | V1: 11.2023г | W1: 12.2023г | X1: 01.2024г | Y1: 02.2024г | Z1: 03.2024г
A2: юнит | F2: ='план действий и ДДС'!F19 -> 720000 | G2: ='план действий и ДДС'!G19 -> 720000 | H2: ='план действий и ДДС'!H19 -> 1375260 | I2: ='план действий и ДДС'!I19 -> 1375260 | J2: ='план действий и ДДС'!J19 -> 1796490 | K2: ='план действий и ДДС'!K19 -> 1796490 | L2: ='план действий и ДДС'!L19 -> 2937780 | M2: ='план действий и ДДС'!M19 -> 2937780 | ... Z2: ='план действий и ДДС'!Z19 -> 3958470
A3: Оборот (без учета НДС) | F3: ='план действий и ДДС'!F20 -> 780000 | G3: ='план действий и ДДС'!G20 -> 840000 | H3: ='план действий и ДДС'!H20 -> 1680000 | I3: ='план действий и ДДС'!I20 -> 1800000 | J3: ='план действий и ДДС'!J20 -> 2700000 | K3: ='план действий и ДДС'!K20 -> 2700000 | L3: ='план действий и ДДС'!L20 -> 5040000 | M3: ='план действий и ДДС'!M20 -> 4680000 | ... Z3: ='план действий и ДДС'!Z20 -> 7020000
A4: ВАЛОВАЯ ПРИБЫЛЬ | B4: -350000 | C4: -350000 | D4: -350000 | E4: -350000 | F4: =F3-F2 -> 60000 | G4: =G3-G2 -> 120000 | H4: =H3-H2 -> 304740 | I4: =I3-I2 -> 424740 | J4: =J3-J2 -> 903510 | K4: =K3-K2 -> 903510 | L4: =L3-L2 -> 2102220 | M4: =M3-M2 -> 1742220 | ... Z4: =Z3-Z2 -> 3061530
A5: Общие издержки:
A6: административные и офисные издержки | E6: 50000 | F6: 50000 | G6: 50000 | H6: 50000 | I6: 50000 | J6: 50000 | K6: 50000 | L6: 50000 | M6: 50000 | N6: 50000 | O6: 50000 | P6: 50000 | Q6: 50000 | R6: 50000 | S6: 50000 | T6: 50000 | U6: 50000 | V6: 50000 | W6: 50000 | X6: 50000 | Y6: 50000 | Z6: 50000
A7: маркетинговые издержки | E7: 50000 | F7: 50000 | G7: 50000 | H7: 50000 | I7: 50000 | J7: 50000 | K7: 50000 | L7: 50000 | M7: 50000 | N7: 50000 | O7: 50000 | P7: 50000 | Q7: 50000 | R7: 50000 | S7: 50000 | T7: 50000 | U7: 50000 | V7: 50000 | W7: 50000 | X7: 50000 | Y7: 50000 | Z7: 50000
A8: прочие расходы | E8: 50000 | F8: 50000 | G8: 50000 | H8: 50000 | I8: 50000 | J8: 50000 | K8: 50000 | L8: 50000 | M8: 50000 | N8: 50000 | O8: 50000 | P8: 50000 | Q8: 50000 | R8: 50000 | S8: 50000 | T8: 50000 | U8: 50000 | V8: 50000 | W8: 50000 | X8: 50000 | Y8: 50000 | Z8: 50000
A9: ОПЕРАЦИОННАЯ ПРИБЫЛЬ | B9: =B4-B6-B7-B8 -> -350000 | C9: =C4-C6-C7-C8 -> -350000 | D9: =D4-D6-D7-D8 -> -350000 | E9: =E4-E6-E7-E8 -> -500000 | F9: =F4-F6-F7-F8 -> -90000 | G9: =G4-G6-G7-G8 -> -30000 | H9: =H4-H6-H7-H8 -> 154740 | I9: =I4-I6-I7-I8 -> 274740 | ... Z9: =Z4-Z6-Z7-Z8 -> 2911530
A10: ЧИСТАЯ ПРИБЫЛЬ | B10: =B9 -> -350000 | C10: =C9 -> -350000 | D10: =D9 -> -350000 | E10: =E9 -> -500000 | F10: =F9 -> -90000 | G10: =G9 -> -30000 | H10: =H9 -> 154740 | I10: =I9 -> 274740 | ... Z10: =Z9 -> 2911530

Sheet баланс
A1: БАЛАНС | B1: 04.2022г | C1: 05.2022г | D1: 6.2022г | E1: 7.2022г | F1: 8.2022г | G1: 9.2022г | H1: 10.2022г | I1: 11.2022г | J1: 12.2022г | K1: 01.2023г | L1: 02.2023г | M1: 03.2023г | N1: 04.2023г | O1: 05.2023г | P1: 06.2023г | Q1: 06.2023г | R1: 07.2023г | S1: 08.2023г | T1: 09.2023г | U1: 10.2023г | V1: 11.2023г | W1: 12.2023г | X1: 01.2024г | Y1: 02.2024г | Z1: 03.2024г
A2: Денежные средства | B2: 10000000 | C2: 3035000 | D2: =C2+ОПиУ!D10+ОПиУ!C10 -> 2335000 | E2: =D2+ОПиУ!D10 -> 1985000 | F2: =E2+ОПиУ!E10 -> 1485000 | G2: =F2+ОПиУ!F10 -> 1395000 | H2: =G2+ОПиУ!G10 -> 1365000 | I2: =H2+ОПиУ!H10 -> 1519740 | J2: =I2+ОПиУ!I10 -> 1794480 | K2: =J2+ОПиУ!J10 -> 2547990 | L2: =K2+ОПиУ!K10 -> 3301500 | ... P2: =O2+ОПиУ!O10 -> 11589000 | Q2: =P2+ОПиУ!O10 -> 13960530 | R2: =Q2+ОПиУ!P10 -> 16332060 | S2: =R2+ОПиУ!R10 -> 18703590 | T2: =S2+ОПиУ!S10 -> 21615120 | U2: =T2+ОПиУ!T10 -> 25066650 | V2: =U2+ОПиУ!U10 -> 28518180 | W2: =V2+ОПиУ!V10 -> 32509710 | X2: =W2+ОПиУ!W10 -> 36501240 | Y2: =X2+ОПиУ!X10 -> 40492770 | Z2: =Y2+ОПиУ!Y10 -> 43944300
A3: Дебиторы
A4: Запасы
A5: Прочие оборотные активы
A6: Суммарные оборотные активы | B6: =B2 -> 10000000 | C6: =C2 -> 3035000 | D6: =D2 -> 2335000 | E6: =E2 -> 1985000 | F6: =F2 -> 1485000 | G6: =G2 -> 1395000 | H6: =H2 -> 1365000 | I6: =I2 -> 1519740 | ... Z6: =Z2 -> 43944300
A7: Основные средства | C7: =C8 -> 6470000 | D7: =D8+D9 -> 7040600 | E7: =E8+E9+E10 -> 7063788 | F7: =F8+F9+F10+F11 -> 7089512 | G7: =G8+G9+G10+G11 -> 6967721 | H7: =H8+H9+H10+H11 -> 6848367 | I7: =I8+I9+I10+I11 -> 6731399 | J7: =J8+J9+J10+J11 -> 6616771 | K7: =K8+K9+K10+K11 -> 6504435 | L7: =L8+L9+L10+L11 -> 6394346 | M7: =M8+M9+M10+M11 -> 6286459 | ... Z7: =Z8+Z9+Z10+Z11 -> 5065398
A8: оборудование | C8: =оборудование!E11 -> 6470000 | D8: 6340600 | E8: 6213788 | F8: 6089512 | G8: 5967721 | H8: 5848367 | I8: 5731399 | J8: 5616771 | K8: 5504435 | L8: 5394346 | M8: 5286459 | N8: 5180729 | O8: 5077114 | P8: 4975571 | Q8: 4876059 | R8: 4778537 | S8: 4682966 | T8: 4589306 | U8: 4497519 | V8: 4407568 | W8: 4319416 | X8: 4233027 | Y8: 4148366 | Z8: 4065398
A9: транспортные средства | D9: 700000 | E9: 700000 | F9: 700000 | G9: 700000 | H9: 700000 | I9: 700000 | J9: 700000 | K9: 700000 | L9: 700000 | M9: 700000 | N9: 700000 | O9: 700000 | P9: 700000 | Q9: 700000 | R9: 700000 | S9: 700000 | T9: 700000 | U9: 700000 | V9: 700000 | W9: 700000 | X9: 700000 | Y9: 700000 | Z9: 700000
A10: оргтехника | E10: 150000 | F10: 150000 | G10: 150000 | H10: 150000 | I10: 150000 | J10: 150000 | K10: 150000 | L10: 150000 | M10: 150000 | N10: 150000 | O10: 150000 | P10: 150000 | Q10: 150000 | R10: 150000 | S10: 150000 | T10: 150000 | U10: 150000 | V10: 150000 | W10: 150000 | X10: 150000 | Y10: 150000 | Z10: 150000
A11: прочие ОС | F11: 150000 | G11: 150000 | H11: 150000 | I11: 150000 | J11: 150000 | K11: 150000 | L11: 150000 | M11: 150000 | N11: 150000 | O11: 150000 | P11: 150000 | Q11: 150000 | R11: 150000 | S11: 150000 | T11: 150000 | U11: 150000 | V11: 150000 | W11: 150000 | X11: 150000 | Y11: 150000 | Z11: 150000
A12: Прочие активы
A13: Суммарные внеоборотные активы | C13: =C12+C7 -> 6470000 | D13: =D12+D7 -> 7040600 | E13: =E12+E7 -> 7063788 | F13: =F12+F7 -> 7089512 | G13: =G12+G7 -> 6967721 | H13: =H12+H7 -> 6848367 | I13: =I12+I7 -> 6731399 | J13: =J12+J7 -> 6616771 | ... Z13: =Z12+Z7 -> 5065398
A14: ИТОГО АКТИВОВ | B14: =B13+B6 -> 10000000 | C14: =C13+C6 -> 9505000 | D14: =D13+D6 -> 9375600 | E14: =E13+E6 -> 9048788 | F14: =F13+F6 -> 8574512 | G14: =G13+G6 -> 8362721 | H14: =H13+H6 -> 8213367 | I14: =I13+I6 -> 8251139 | ... L14: =L13+L6 -> 9695846 | M14: =M6+M13 -> 11540179 | N14: =N13+N6 -> 13026669 | O14: =O13+O6 -> 15294584 | P14: =P13+P6 -> 17564571 | Q14: =Q13+Q6 -> 19836589 | R14: =R13+R6 -> 22110597 | S14: =S13+S6 -> 24386556 | T14: =T13+T6 -> 27204426 | U14: =U13+U6 -> 30564169 | ... Z14: =Z13+Z6 -> 49009698
A15: Кредиторская задолженность
A16: Текущая часть кредитов
A17: Суммарные краткосрочные обязательства
A18: Долгосрочные обязательства
A19: Уставной капитал | B19: 10000 | C19: 10000 | D19: 10000 | E19: 10000 | F19: 10000 | G19: 10000 | H19: 10000 | I19: 10000 | J19: 10000 | K19: 10000 | L19: 10000 | M19: 10000 | N19: 10000 | O19: 10000 | P19: 10000 | Q19: 10000 | R19: 10000 | S19: 10000 | T19: 10000 | U19: 10000 | V19: 10000 | W19: 10000 | X19: 10000 | Y19: 10000 | Z19: 10000
A20: Резервы
A21: Нераспределенная прибыль (убыток)
A22: Суммарный капитал
A23: ИТОГО ОБЯЗАТЕЛЬСТВА И КАПИТАЛ | B23: =B14 -> 10000000 | C23: =C14 -> 9505000 | D23: =D14 -> 9375600 | E23: =E14 -> 9048788 | F23: =F14 -> 8574512 | G23: =G14 -> 8362721 | H23: =H14 -> 8213367 | I23: =I14 -> 8251139 | ... Z23: =Z14 -> 49009698

Sheet кэш-фло
A1: ДВИЖЕНИЕ ДЕНЕЖНЫХ СРЕДСТВ | B1: 04.2022г | C1: 05.2022г | D1: 6.2022г | E1: 7.2022г | F1: 8.2022г | G1: 9.2022г | H1: 10.2022г | I1: 11.2022г | J1: 12.2022г | K1: 01.2023г | L1: 02.2023г | M1: 03.2023г | N1: 04.2023г | O1: 05.2023г | P1: 06.2023г | Q1: 06.2023г | R1: 07.2023г | S1: 08.2023г | T1: 09.2023г | U1: 10.2023г | V1: 11.2023г | W1: 12.2023г | X1: 01.2024г | Y1: 02.2024г | Z1: 03.2024г
A2: Поступления от продаж | F2: ='план действий и ДДС'!F20 -> 780000 | G2: ='план действий и ДДС'!G20 -> 840000 | H2: ='план действий и ДДС'!H20 -> 1680000 | I2: ='план действий и ДДС'!I20 -> 1800000 | J2: ='план действий и ДДС'!J20 -> 2700000 | K2: ='план действий и ДДС'!K20 -> 2700000 | L2: ='план действий и ДДС'!L20 -> 5040000 | M2: ='план действий и ДДС'!M20 -> 4680000 | ... Z2: ='план действий и ДДС'!Z20 -> 7020000
A3: Затраты на материалы и комплектующие | B3: 0 | F3: ='сс производства'!C3+'сс производства'!C4+'сс производства'!C6+'сс производства'!C7 -> 233000 | G3: ='сс производства'!C3+'сс производства'!C4+'сс производства'!C6+'сс производства'!C7 -> 233000 | H3: ='сс производства'!D3+'сс производства'!D4+'сс производства'!D6+'сс производства'!D7 -> 466000 | I3: ='сс производства'!D3+'сс производства'!D4+'сс производства'!D6+'сс производства'!D7 -> 466000 | J3: ='сс производства'!E3+'сс производства'!E4+'сс производства'!E6+'сс производства'!E7 -> 699000 | K3: ='сс производства'!E3+'сс производства'!E4+'сс производства'!E6+'сс производства'!E7 -> 699000 | L3: ='сс производства'!F3+'сс производства'!F4+'сс производства'!F6+'сс производства'!G7 -> 1378000 | M3: ='сс производства'!F3+'сс производства'!F4+'сс производства'!F6+'сс производства'!G7 -> 1378000 | N3: ='сс производства'!G3+'сс производства'!G4+'сс производства'!G6+'сс производства'!G7 -> 2017000 | O3: ='сс производства'!G3+'сс производства'!G4+'сс производства'!G6+'сс производства'!G7 -> 2017000 | P3: ='сс производства'!G3+'сс производства'!G4+'сс производства'!G6+'сс производства'!G7 -> 2017000 | Q3: ='сс производства'!G3+'сс производства'!G4+'сс производства'!G6+'сс производства'!G7 -> 2017000 | R3: ='сс производства'!G3+'сс производства'!G4+'сс производства'!G6+'сс производства'!G7 -> 2017000 | S3: ='сс производства'!G3+'сс производства'!G4+'сс производства'!G6+'сс производства'!G7 -> 2017000 | T3: ='сс производства'!G3+'сс производства'!G4+'сс производства'!G6+'сс производства'!G7 -> 2017000 | U3: ='сс производства'!G3+'сс производства'!G4+'сс производства'!G6+'сс производства'!G7 -> 2017000 | V3: ='сс производства'!G3+'сс производства'!G4+'сс производства'!G6+'сс производства'!G7 -> 2017000 | W3: ='сс производства'!G3+'сс производства'!G4+'сс производства'!G6+'сс производства'!G7 -> 2017000 | X3: ='сс производства'!G3+'сс производства'!G4+'сс производства'!G6+'сс производства'!G7 -> 2017000 | Y3: ='сс производства'!G3+'сс производства'!G4+'сс производства'!G6+'сс производства'!G7 -> 2017000 | Z3: ='сс производства'!G3+'сс производства'!G4+'сс производства'!G6+'сс производства'!G7 -> 2017000
A4: Постоянные издержки | B4: 150000 | C4: 150000 | D4: 150000 | E4: 150000 | F4: ='сс производства'!C9 -> 150000 | G4: ='сс производства'!D9 -> 150000 | H4: ='сс производства'!E9 -> 150000 | I4: ='сс производства'!F9 -> 150000 | J4: ='сс производства'!G9 -> 150000 | K4: 150000 | L4: 150000 | M4: 150000 | N4: 150000 | O4: 150000 | P4: 150000 | Q4: 150000 | R4: 150000 | S4: 150000 | T4: 150000 | U4: 150000 | V4: 150000 | W4: 150000 | X4: 150000 | Y4: 150000 | Z4: 150000 | AA4: ='сс производства'!X9 -> 0
A5: Зарплата и социальные взносы | B5: 200000 | C5: 200000 | D5: 200000 | E5: 200000 | F5: ='сс производства'!C10 -> 235001 | G5: ='сс производства'!C10 -> 235001 | H5: ='сс производства'!D10 -> 600000 | I5: ='сс производства'!D10 -> 600000 | J5: ='сс производства'!E10 -> 725000 | K5: ='сс производства'!E10 -> 725000 | L5: ='сс производства'!F10 -> 1025000 | M5: ='сс производства'!F10 -> 1025000 | N5: ='сс производства'!G10 -> 1205000 | O5: ='сс производства'!G10 -> 1205000 | P5: ='сс производства'!G10 -> 1205000 | Q5: ='сс производства'!G10 -> 1205000 | R5: ='сс производства'!G10 -> 1205000 | S5: ='сс производства'!G10 -> 1205000 | T5: ='сс производства'!G10 -> 1205000 | U5: ='сс производства'!G10 -> 1205000 | V5: ='сс производства'!G10 -> 1205000 | W5: ='сс производства'!G10 -> 1205000 | X5: ='сс производства'!G10 -> 1205000 | Y5: ='сс производства'!G10 -> 1205000 | Z5: ='сс производства'!G10 -> 1205000
A6: Налоги | F6: =F2*6% -> 46800 | G6: =G2*6% -> 50400 | H6: =H2*6% -> 100800 | I6: =I2*6% -> 108000 | J6: =J2*6% -> 162000 | K6: =K2*6% -> 162000 | L6: =L2*6% -> 302400 | M6: =M2*6% -> 280800 | ... Z6: =Z2*6% -> 421200
A7: Кэш-фло от операционной деятельности | B7: =-B4-B5 -> -350000 | C7: =-C4-C5 -> -350000 | D7: =-D4-D5 -> -350000 | E7: =-E4-E5 -> -350000 | F7: =F2-F3-F4-F5-F6 -> 115199 | G7: =G2-G3-G4-G5-G6 -> 171599 | H7: =H2-H3-H4-H5-H6 -> 363200 | I7: =I2-I3-I4-I5-I6 -> 476000 | J7: =J2-J3-J4-J5-J6 -> 964000 | K7: =K2-K3-K4-K5-K6 -> 964000 | L7: =L2-L3-L4-L5-L6 -> 2184600 | M7: =M2-M3-M4-M5-M6 -> 1846200 | ... Z7: =Z2-Z3-Z4-Z5-Z6 -> 3226800
A9: Приобретение основных средств | B9: =оборудование!E11 -> 6470000 | C9: 0 | D9: 0 | E9: 0 | F9: 0 | G9: 0 | H9: 0 | I9: 0 | J9: 0 | K9: 0 | L9: 0 | M9: 0
A10: Строительство | B10: 0 | C10: 0 | D10: 0 | E10: 0 | F10: 0 | G10: 0 | H10: 0 | I10: 0 | J10: 0 | K10: 0 | L10: 0 | M10: 0
A11: Прочие капиталовложения | B11: 0 | C11: 0 | D11: 0 | E11: 0 | F11: 0 | G11: 0 | H11: 0 | I11: 0 | J11: 0 | K11: 0 | L11: 0 | M11: 0
A12: Кэш-фло от инвестиционной деятельности | B12: =-B9 -> -6470000 | C12: 0 | D12: 0 | E12: 0 | F12: 0 | G12: 0 | H12: 0 | I12: 0 | J12: 0 | K12: 0 | L12: 0 | M12: 0
A14: Акционерный капитал | B14: 10000000 | C14: 0 | D14: 0 | E14: 0 | F14: 0 | G14: 0 | H14: 0 | I14: 0 | J14: 0 | K14: 0 | L14: 0 | M14: 0
A15: Поступления заемных средств | B15: 0 | C15: 0 | D15: 0 | E15: 0 | F15: 0 | G15: 0 | H15: 0 | I15: 0 | J15: 0 | K15: 0 | L15: 0 | M15: 0
A16: Возврат займов | B16: 0 | C16: 0 | D16: 0 | E16: 0 | F16: 0 | G16: 0 | H16: 0 | I16: 0 | J16: 0 | K16: 0 | L16: 0 | M16: 0
A17: Расходы по процентам | B17: 0 | C17: 0 | D17: 0 | E17: 0 | F17: 0 | G17: 0 | H17: 0 | I17: 0 | J17: 0 | K17: 0 | L17: 0 | M17: 0
A18: Кэш-фло от финансовой деятельности | B18: 10000000 | C18: 0 | D18: 0 | E18: 0 | F18: 0 | G18: 0 | H18: 0 | I18: 0 | J18: 0 | K18: 0 | L18: 0 | M18: 0
A20: СУММАРНЫЙ ДЕНЕЖНЫЙ ПОТОК | B20: =B12+B7 -> -6820000 | C20: =C12+C7 -> -350000 | D20: =D12+D7 -> -350000 | E20: =E12+E7 -> -350000 | F20: =F7 -> 115199 | G20: =G7 -> 171599 | H20: =H7 -> 363200 | I20: =I7 -> 476000 | J20: =J7 -> 964000 | K20: =K7 -> 964000 | L20: =L7 -> 2184600 | M20: =M7 -> 1846200 | ... Z20: =Z7 -> 3226800
A21: Денежные средства на начало периода | B21: =B22 -> 3180000 | C21: =B20+B21 -> -3640000 | D21: =C21+C20 -> -3990000 | E21: =D21+D20 -> -4340000 | F21: =E21+E20 -> -4690000 | G21: =F21+F20 -> -4574801 | H21: =G21+G20 -> -4403202 | I21: =H21+H20 -> -4040002 | J21: =I21+I20 -> -3564002 | K21: =J21+J20 -> -2600002 | ... Z21: =Y21+Y20 -> 43146798
A22: Денежные средства на конец периода | B22: =B18+B20 -> 3180000 | C22: =C20+B22 -> 2830000 | D22: =D20+C22 -> 2480000 | E22: =E20+D22 -> 2130000 | F22: =F20+E22 -> 2245199 | G22: =G20+F22 -> 2416798 | H22: =H20+G22 -> 2779998 | I22: =I20+H22 -> 3255998 | J22: =J20+I22 -> 4219998 | ... Z22: =Z20+Y22 -> 53193598

Sheet графики
A1: операционная деятельность
A2: оборот | B2: ='план действий и ДДС'!B20 -> 0 | C2: ='план действий и ДДС'!C20 -> 0 | D2: ='план действий и ДДС'!D20 -> 0 | E2: ='план действий и ДДС'!E20 -> 0 | F2: ='план действий и ДДС'!F20 -> 780000 | G2: ='план действий и ДДС'!G20 -> 840000 | H2: ='план действий и ДДС'!H20 -> 1680000 | I2: ='план действий и ДДС'!I20 -> 1800000 | ... Z2: ='план действий и ДДС'!Z20 -> 7020000
A3: валовя прибыть | B3: ='план действий и ДДС'!B21 -> -350000 | C3: ='план действий и ДДС'!C21 -> -350000 | D3: ='план действий и ДДС'!D21 -> -350000 | E3: ='план действий и ДДС'!E21 -> -350000 | F3: ='план действий и ДДС'!F21 -> 60000 | G3: ='план действий и ДДС'!G21 -> 120000 | H3: ='план действий и ДДС'!H21 -> 304740 | I3: ='план действий и ДДС'!I21 -> 424740 | ... Z3: ='план действий и ДДС'!Z21 -> 3061530
A4: чистая прибыль | B4: =ОПиУ!B10 -> -350000 | C4: =ОПиУ!C10 -> -350000 | D4: =ОПиУ!D10 -> -350000 | E4: =ОПиУ!E10 -> -500000 | F4: =ОПиУ!F10 -> -90000 | G4: =ОПиУ!G10 -> -30000 | H4: =ОПиУ!H10 -> 154740 | I4: =ОПиУ!I10 -> 274740 | ... Z4: =ОПиУ!Z10 -> 2911530
A28: график окупаемости проекта
B29: ='кэш-фло'!B22 -> 3180000 | C29: ='кэш-фло'!C22 -> 2830000 | D29: ='кэш-фло'!D22 -> 2480000 | E29: ='кэш-фло'!E22 -> 2130000 | F29: ='кэш-фло'!F22 -> 2245199 | G29: ='кэш-фло'!G22 -> 2416798 | H29: ='кэш-фло'!H22 -> 2779998 | I29: ='кэш-фло'!I22 -> 3255998 | ... Z29: ='кэш-фло'!Z22 -> 53193598

Sheet Лист1
A1: 134 | B1: 219 | C1: 82 | D1: 53 | E1: 55 | F1: 24 | G1: 51 | H1: 31 | I1: 97 | J1: 83 | K1: 27 | L1: 44 | M1: 43 | N1: 54 | O1: 29 | P1: 142 | Q1: 46 | R1: 41 | S1: 101 | T1: 43 | U1: 22 | V1: 170 | W1: 119 | X1: 51 | Y1: 189 | Z1: 8 | AA1: 46 | AB1: 169 | AC1: 135 | AD1: 281 | AE1: 365 | AF1: 133 | AG1: 209 | AH1: 153 | AI1: 100 | AJ1: 252 | AK1: 116 | AL1: 234 | AM1: 226 | AN1: 89 | AO1: 103 | AP1: 277 | AQ1: 50 | AR1: 97 | AS1: 305 | AT1: 339 | AU1: 261 | AV1: 250 | AW1: 141 | AX1: 563 | AY1: 1 028 | AZ1: 966 | BA1: 73 | BB1: 75 | BC1: 53 | BD1: 35 | BE1: 70 | BF1: 125 | BG1: 60
A2: 1 | B2: 23 | C2: 2 | D2: 2 | E2: 2 | F2: 1 | G2: 2 | H2: 1 | I2: 3 | J2: 9 | K2: 1 | L2: 1 | M2: 1 | N2: 3 | O2: 2 | P2: 9 | Q2: 2 | R2: 4 | S2: 6 | T2: 4 | U2: 0 | V2: 11 | W2: 15 | X2: 0 | Y2: 18 | Z2: 0 | AA2: 0 | AB2: 9 | AC2: 11 | AD2: 17 | AE2: 24 | AF2: 4 | AG2: 16 | AH2: 3 | AI2: 6 | AJ2: 21 | AK2: 10 | AL2: 25 | AM2: 4 | AN2: 4 | AO2: 10 | AP2: 11 | AQ2: 5 | AR2: 9 | AS2: 15 | AT2: 18 | AU2: 10 | AV2: 14 | AW2: 8 | AX2: 67 | AY2: 129 | AZ2: 140 | BA2: 0 | BB2: 1 | BC2: 2 | BD2: 2 | BE2: 2 | BF2: 14 | BG2: 2
A3: 5 | B3: 12 | C3: 6 | D3: 3 | E3: 2 | F3: 0 | G3: 3 | H3: 3 | I3: 6 | J3: 4 | K3: 0 | L3: 3 | M3: 3 | N3: 4 | O3: 2 | P3: 1 | Q3: 4 | R3: 4 | S3: 5 | T3: 3 | U3: 2 | V3: 4 | W3: 6 | X3: 3 | Y3: 6 | Z3: 0 | AA3: 2 | AB3: 6 | AC3: 6 | AD3: 14 | AE3: 14 | AF3: 3 | AG3: 13 | AH3: 9 | AI3: 3 | AJ3: 6 | AK3: 5 | AL3: 9 | AM3: 13 | AN3: 4 | AO3: 3 | AP3: 12 | AQ3: 1 | AR3: 6 | AS3: 14 | AT3: 7 | AU3: 11 | AV3: 8 | AW3: 1 | AX3: 48 | AY3: 69 | AZ3: 72 | BA3: 6 | BB3: 5 | BC3: 1 | BD3: 3 | BE3: 5 | BF3: 12 | BG3: 2
A9: =SUM(A1:BG1) -> 8309 | B9: 8309 | E9: лиды | G9: 33236 | I9: тонн | J9: 398832000
A10: =SUM(A2:BG2) -> 736 | B10: 736 | C10: =A10/A9 -> 0.08857865 | E10: заявки | G10: 2944 | I10: тонн | J10: 35328000
A11: =SUM(A3:BG3) -> 487 | B11: 487 | C11: =A11/A9 -> 0.058611145 | E11: покупки | G11: 1948 | I11: тонн | J11: 23376000
